 Dungeon Crawl Stone Soup version 0.29.1-14-g9c671dbff4 (webtiles) character file.

Game seed: 2374272099508181394

71 protoss039 the Digger (level 4, 33/33 HPs)
             Began as a Demonspawn Earth Elementalist on Feb 18, 2023.
             Got out of the dungeon alive.
             The game lasted 00:01:53 (1943 turns).

protoss039 the Digger (DsEE)                        Turns: 1943, Time: 00:01:54

Health: 33/33      AC:  6    Str:  9    XL:     4   Next: 5%
Magic:  8/8        EV: 12    Int: 18    God:
Gold:   75         SH:  4    Dex: 13    Spells: 5/8 levels left

rFire   . . .      SeeInvis .   f - +0 spear
rCold   . . .      Faith    .   (no shield)
rNeg    . . .      Spirit   .   a - +0 robe
rPois   .          Reflect  .   (no helmet)
rElec   .          Harm     .   j - +2 cloak
rCorr   .          Rampage  .   n - +0 pair of gloves
Will    .....                   (no boots)
Stlth   ++........              (no amulet)
HPRegen 0.11/turn               e - +4 ring of slaying
MPRegen 0.22/turn               (no ring)

@: no status effects
A: magic regeneration, sanguine armour 1, condensation shield
a: no special abilities


You escaped.
You visited 1 branch of the dungeon, and saw 2 of its levels.

You collected 75 gold pieces.

Inventory:

Hand Weapons
 f - a +0 spear (weapon)
Armour
 a - a +0 robe (worn)
 j - a +2 cloak (worn)
 n - a +0 pair of gloves (worn)
Jewellery
 e - a +4 ring of slaying (left hand)
Scrolls
 c - 2 scrolls of identify {unknown}
 h - a scroll of poison {unknown}
 i - 2 scrolls of teleportation {unknown}
 k - a scroll of magic mapping {unknown}
 l - a scroll of summoning {unknown}
 m - a scroll of immolation {unknown}
Potions
 b - a potion of magic
 d - a potion of haste {unknown}
 g - a potion of might {unknown}


   Skills:
 + Level 2.0 Fighting
 - Level 1.7 Dodging
 - Level 1.7 Stealth
 + Level 2.8 Spellcasting
 - Level 0.8 Transmutations
 + Level 3.3 Earth Magic


You had 5 spell levels left.
You knew the following spells:

 Your Spells              Type           Power      Damage    Failure   Level
a - Sandblast             Erth           28%        2d8       4%          1
b - Passwall              Tmut/Erth      8%         N/A       11%         2

Your spell library contained the following spells:

 Spells                   Type           Power      Damage    Failure   Level
 Beastly Appendage        Tmut           10%        N/A       12%         1
 Wereblood                Tmut           5%         N/A       19%         2
 Static Discharge         Conj/Air       2%         3-4/arc   26%         2
 Stone Arrow              Conj/Erth      16%        3d8       26%         3
 Spider Form              Tmut/Pois      4%         N/A       38%         3
 Ignite Poison            Fire/Tmut/Pois 3%         N/A       41%         3
 Conjure Flame            Conj/Fire      2%         6-21      45%         3
 Tukima's Dance           Hex            2%         N/A       45%         3
 Petrify                  Tmut/Erth      10%        N/A       56%         4
 Dispel Undead            Necr           2%         3d7       86%         4
 Passage of Golubria      Tloc           2%         N/A       86%         4
 Sticky Flame             Conj/Fire      2%         2d3       86%         4
 Yara's Violent Unravell  Hex/Tmut       2%         3d3       98%         5


Dungeon Overview and Level Annotations

Branches:
Dungeon (2/15) Zot: 10036

Altars:


Innate Abilities, Weirdness & Mutations

You regenerate magic rapidly.
When seriously injured, your blood forms armour. (AC +0)
A meltable shield of frost defends you. (SH +4)


Message History

You see here a +0 club.
A ball python comes into view.
Found a scroll labelled SIAHIYNEIMU.
A ball python is nearby!
A ball python is nearby!
A ball python is nearby!
You hit the ball python.
You kill the ball python!
m - a scroll labelled SIAHIYNEIMU No target in view!
Found a pair of gloves.
No target in view!
Found a stone staircase leading down.
No target in view!
You see here a +0 pair of gloves.
Done exploring.
No target in view!
Done exploring.
No target in view!
Done exploring.
Search for what [Enter for "."]? .
You see here a +0 pair of gloves.
n - a +0 pair of gloves You start putting on your armour.
You continue putting on your +0 pair of gloves. x4
You finish putting on your +0 pair of gloves.
There is a stone staircase leading down here.
There is a stone staircase leading up here.
You climb upwards.
There is a stone staircase leading down here.
(D) Dungeon
Where to? (Enter - D:2 @ (x,y), ? - help)
Okay, then.
There is a staircase leading out of the dungeon here.
Are you sure you want to leave the Dungeon?
This will make you lose the game! [Y]es or [N]o only, please.
Are you sure you want to leave the Dungeon?
This will make you lose the game! [Y]es or [N]o only, please.
Are you sure you want to leave the Dungeon?
This will make you lose the game!
You have escaped!

###### ###### #....#
#....#####....##
####.#####...##...##
#....###.....##.#..#
#.###........##.##.#### #.#
#.........####....## #.#
#....@....## ####..# #.#
##....♣....# ##.#
####.####.........# #.###
#....##.##........### #....
#....##.##.....###..#####....
#....##.##...#####.....##....
##.#......#####......#.......
#.######.###...........#....
#.### #...........##.......


There were no monsters in sight!

Vanquished Creatures
  An adder (D:2)
  A dart slug (D:2)
  7 ball pythons
  5 bats
  6 endoplasms
  2 giant cockroaches (D:2)
  7 goblins
  3 hobgoblins
  7 jackals (D:1)
  3 quokkas
  2 frilled lizards
  8 kobolds
  2 rats (D:2)
54 creatures vanquished.

Notes
Turn   | Place    | Note
-------+----------+-------------------------------------------
     0 | D:1      | protoss039 the Demonspawn Earth Elementalist began the
                  | quest for the Orb.
     0 | D:1      | Reached XP level 1. HP: 13/13 MP: 3/3
   196 | D:1      | Gained mutation: A meltable shield of frost defends you.
                  | (SH +4) [demonic ancestry]
   196 | D:1      | Reached XP level 2. HP: 15/20 MP: 3/5
   296 | D:1      | Reached skill level 1 in Fighting
   302 | D:1      | HP: 1/21 [jackal (2)]
   306 | D:1      | Reached skill level 3 in Earth Magic
   845 | D:1      | Found a faded altar of an unknown god.
   904 | D:1      | Gained mutation: When seriously injured, your blood forms
                  | armour. (AC +0) [demonic ancestry]
   904 | D:1      | Reached XP level 3. HP: 26/26 MP: 2/6
  1198 | D:1      | Learned a level 2 spell: Passwall
  1457 | D:2      | Gained mutation: You regenerate magic rapidly. [demonic
                  | ancestry]
  1457 | D:2      | Reached XP level 4. HP: 25/33 MP: 5/8
  1943 | D:$      | Got out of the dungeon alive.

Illustrated notes

Levels and vault maps discovered:
D:1:      spicycebolla_green_bress_n_ham, layout_rooms, basic_ecumenical_altar,
          minmay_small_reverse_x
D:2:      layout_loops_ring, serial_glass, glass_columns_a, glass_columns_a,
          glass_columns_b, glass_columns_a, glass_columns_b, glass_columns_b,
          glass_columns_b, glass_columns_c, feat_on_display

Skill      XL: |  1  2  3  4 |
---------------+-------------+-----
Fighting       | 1 2 |  2.0
Earth Magic    | 3 |  3.3
Dodging        | |  1.7
Stealth        | |  1.7
Spellcasting   | |  2.8
Transmutations | |  0.8

Action                   |  1- 3 |  4- 6 || total
-------------------------+-------+-------++-------
Melee: Whip              |     5 |       ||     5
       Spear             |    75 |     4 ||    79
       Unarmed           |     3 |       ||     3
       Punch             |     1 |       ||     1
 Cast: Sandblast         |    27 |       ||    27
 Stab: Sleeping          |     3 |     2 ||     5
Armor: Robe              |    22 |       ||    22
Dodge: Dodged            |    56 |       ||    56
Block: Other             |    12 |       ||    12
